cohdb
Replays
Latest Replays
All Replays
Popular Replays
Top Player Replays
Match Explorer
How It Works
Community
CoH3 Stats
Reddit
Sign in to upload your games and track your stats! →
Sign in with Steam
Match 34455426
Unlisted
Match 34455426
Overview
Messages
Build Orders
End
Scout Squad
Scout Squad
Selects Advanced Infantry Battlegroup
Scout Squad
Construct Weapon Support Center
M1919 Machine Gun Team
Construct Medical Station
Infantry Support Center
Selects Artillery Observers
M3 Armored Personnel Carrier
Bazooka Squad
Engineer Squad
Selects Convert to Ranger Squad
Construct Tank Depot
Selects Designate Assault Position
Designate Assault Position
Selects Infantry Assault
Infantry Assault
M4A1 Sherman Medium Tank
M1919 Machine Gun Team
Selects M2A1 105mm Howitzer Emplacement
Selects Free Fire Drills
M4A1 Sherman Medium Tank
Bazooka Squad
M4A1 Sherman Medium Tank
M1919 Machine Gun Team
M4A1 Sherman Medium Tank
Infantry Assault
Bazooka Squad
Bazooka Squad
M4A1 Sherman Medium Tank
Infantry Assault
Stana
Hello
0
0
Comments
sign in to comment!
No comments posted yet!